 Dungeon Crawl Stone Soup version 0.29.1-15-g9cfb28693d (webtiles) character file.

Game seed: 3668411877696804461

28 112233 the Magician (level 3, -1/28 HPs)
             Began as a Naga Air Elementalist on Feb 22, 2023.
             Slain by a hobgoblin
             ... wielding a +0 spear
              (7 damage)
             ... on level 2 of the Dungeon.
             The game lasted 00:01:26 (1930 turns).

112233 the Magician (Naga Air Elementalist)         Turns: 1930, Time: 00:01:27

Health: -1/28      AC:  2    Str: 10    XL:     3   Next: 12%
Magic:  0/7        EV:  9    Int: 17    God:
Gold:   69         SH:  0    Dex: 11    Spells: 5/8 levels left

rFire   . . .      SeeInvis +   (no weapon)
rCold   . . .      Faith    .   (no shield)
rNeg    . . .      Spirit   .   a - +0 robe
rPois   +          Reflect  .   (no helmet)
rElec   .          Harm     .   (no cloak)
rCorr   .          Rampage  .   (no gloves)
Will    .....                   (no barding)
Stlth   ++........              (no amulet)
HPRegen 0.09/turn               (no ring)
MPRegen 0.10/turn               (no ring)

@: short of breath, very slightly contaminated, very slow
A: AC +1, large, see invisible, deformed body, poison resistance, slowness 2,
spit poison 1, naga tail 1
a: Spit Poison


You were on level 2 of the Dungeon.
You visited 1 branch of the dungeon, and saw 2 of its levels.

You collected 69 gold pieces.

Inventory:

Armour
 a - a +0 robe (worn)
Scrolls
 c - a scroll of fog {unknown}
 d - a scroll of fear {unknown}
 e - a scroll of teleportation {unknown}
 g - a scroll of immolation {unknown}
 h - a scroll of amnesia {unknown}
Potions
 f - 3 potions of degeneration {unknown}


   Skills:
 - Level 1.5 Dodging
 - Level 3.0 Stealth
 + Level 3.3 Spellcasting
 - Level 1.0 Conjurations
 - Level 3.0 Air Magic


You had 5 spell levels left.
You knew the following spells:

 Your Spells              Type           Power      Damage    Failure   Level
a - Shock                 Conj/Air       36%        1d5       8%          1
b - Static Discharge      Conj/Air       9%         3-5/arc   11%         2

Your spell library contained the following spells:

 Spells                   Type           Power      Damage    Failure   Level
 Foxfire                  Conj/Fire      16%        2x1d4     14%         1
 Swiftness                Air            13%        N/A       14%         3
 Ensorcelled Hibernation  Hex/Ice        4%         N/A       26%         2
 Passwall                 Tmut/Erth      1%         N/A       26%         2
 Sublimation of Blood     Necr           2%         N/A       26%         2
 Conjure Flame            Conj/Fire      4%         6-21      38%         3
 Airstrike                Air            6%         2d(1-17)  43%         4
 Inner Flame              Hex/Fire       2%         N/A       45%         3
 Flame Wave               Conj/Fire      4%         2d5       80%         4
 Petrify                  Tmut/Erth      2%         N/A       86%         4
 Irradiate                Conj/Tmut      2%         3d12      98%         5


Dungeon Overview and Level Annotations

Branches:
Dungeon (2/15)

Altars:


Innate Abilities, Weirdness & Mutations

Your serpentine skin is tough. (AC +1)
You have supernaturally acute eyesight. (SInv)
Armour fits poorly on your strangely shaped body.
Your system is resistant to poisons. (rPois)
You cover ground very slowly.
You can spit poison.
You have a snake-like lower body.


Message History

Confirm with . or Enter, or press ? or * to list all spells.
You can't see any susceptible monsters within range! (Use Z to cast anyway.) Unknown command.
The hobgoblin hits you with a +0 spear.
There is an open door here.
Casting: Shock (safe; 8% risk of failure)
Confirm with . or Enter, or press ? or * to list all spells.
You miscast Static Discharge.
You are very lightly contaminated with residual magic.
Nothing appears to happen.
The hobgoblin misses you.
Unknown command.
You hit the hobgoblin.
The hobgoblin is lightly wounded.
The hobgoblin closely misses you.
Casting: Static Discharge (safe; 11% risk of failure)
Confirm with . or Enter, or press ? or * to list all spells.
Some blue arcs ground themselves harmlessly.
The hobgoblin hits you with a +0 spear.
* * * LOW HITPOINT WARNING * * *
The hobgoblin closely misses you.
Unknown command.
Welcome back, 112233 the Naga Air Elementalist.
Press ? for a list of commands and other information.
Cast which spell? (? or * to list)
You don't have enough magic to cast this spell.
Unknown command.
Cast which spell? (? or * to list)
Aiming: Shock (safe; 8% risk of failure)
Press: ? - help, Shift-Dir - straight line, f - hobgoblin
Aim: a hobgoblin, wielding a +0 spear (lightly wounded, unusually resistant, 68% to hit)
The zap hits the hobgoblin.
The hobgoblin resists.
The hobgoblin is moderately wounded.
The hobgoblin closely misses you.
Unknown command.
Aiming: Spit Poison (2% risk of failure)
Press: ? - help, Shift-Dir - straight line, f/p - hobgoblin
Aim: a hobgoblin, wielding a +0 spear (moderately wounded, unusually resistant, 59% to hit)
The splash of poison misses the hobgoblin.
The hobgoblin hits you with a +0 spear!
You die...

#.# ##.## ##.......##
#####...####.........#
...........+.........+
#####...####.........#
#####.### #..$....#
#.......# #.....#
#.###...# #†g.# ##..#
#@######### #..#
#.......... #.####..#
#..#######.
#.......#######..##
######.###........#
#.# #.##.....# #.#
#.##.....#
#.###.##.....#
#............#


You could see a hobgoblin (resistant).

Vanquished Creatures
  An adder (D:2)
  A worm (D:2)
  2 ball pythons (D:1)
  2 bats (D:2)
  An endoplasm (D:2)
  A giant cockroach (D:2)
  A goblin (D:1)
  3 hobgoblins (D:1)
  A kobold (D:1)
  A frilled lizard (D:2)
14 creatures vanquished.

Notes
Turn   | Place    | Note
-------+----------+-------------------------------------------
     0 | D:1      | 112233 the Naga Air Elementalist began the quest for the
                  | Orb.
     0 | D:1      | Reached XP level 1. HP: 15/15 MP: 3/3
   603 | D:1      | Reached XP level 2. HP: 15/22 MP: 0/5
   701 | D:1      | Learned a level 2 spell: Static Discharge
  1785 | D:2      | Reached XP level 3. HP: 27/28 MP: 2/7
  1930 | D:2      | Slain by a hobgoblin

Illustrated notes

Levels and vault maps discovered:
D:1:      matt_arrival_los_fun, layout_basic
D:2:      layout_loops_corners, hellmonk_ecumenical_altar_arch_garden,
          minmay_misc_feat_columns

Skill      XL: |  1  2 |
---------------+-------+-----
Spellcasting   | 3 |  3.3
Dodging        | |  1.5
Stealth        | |  3.0
Conjurations   | |  1.0
Air Magic      | |  3.0

Action                   || total
-------------------------++-------
Melee: Unarmed           ||    12
 Cast: Shock             ||    33
       Static Discharge  ||     2
 Abil: Spit Poison       ||     7
  Use: Potion            ||     1
Armor: Robe              ||     1
Dodge: Dodged            ||    13
